 Dungeon Crawl Stone Soup version 0.27-a0-906-g0a00ce863d (webtiles) character file.

Game seed: 14400169782893695024

91 porpoise the Digger (level 4, -7/33 HPs)
             Began as a Demigod Earth Elementalist on Apr 7, 2021.
             Blown up by Ijyb (30 damage)
             ... with a mindburst bolt
             ... on level 3 of the Dungeon.
             The game lasted 00:07:37 (2904 turns).

porpoise the Digger (Demigod Earth Elementalist)    Turns: 2904, Time: 00:07:38

Health: -7/33      AC:  3    Str:  9    XL:     4   Next: 11%
Magic:  11/11      EV: 12    Int: 21    God:
Gold:   92         SH:  0    Dex: 14    Spells: 5/9 levels left

rFire    + . .     SeeInvis .   b - +0 hunting sling
rCold    . . .     Faith    .   (no shield)
rNeg     . . .     Spirit   .   c - +0 robe
rPois    .         Reflect  .   p - +0 helmet
rElec    .         Harm     .   (no cloak)
rCorr    .         Rampage  .   (no gloves)
Will     .....                  (no boots)
Stlth    ++........             (no amulet)
HPRegen  0.11/turn              f - ring of protection from fire
MPRegen  0.12/turn              (no ring)

@: no status effects
A: high mp 1, forlorn
a: no special abilities


You were on level 3 of the Dungeon.
You visited 1 branch of the dungeon, and saw 3 of its levels.

You collected 92 gold pieces.

Inventory:

Hand Weapons
 a - a +0 rapier
 b - a +0 hunting sling (weapon)
Missiles
 i - 5 boomerangs of dispersal
 k - 118 stones
 n - 36 sling bullets (quivered ammo)
 s - 24 bolts
Armour
 c - a +0 robe (worn)
 p - a +0 helmet (worn)
Magical Staves
 q - a staff of air
Jewellery
 f - a ring of protection from fire (left hand)
Wands
 r - a wand of acid (14)
Scrolls
 d - a scroll of brand weapon {unknown}
 g - a scroll of magic mapping {unknown}
 h - 5 scrolls of identify {unknown}
 j - a scroll of teleportation {unknown}
 m - a scroll of noise {unknown}
Potions
 l - a potion of degeneration {unknown}
 o - a potion of brilliance {unknown}


   Skills:
 - Level 1.7 Dodging
 - Level 1.7 Stealth
 + Level 3.0 Spellcasting
 - Level 0.8 Transmutations
 + Level 3.8 Earth Magic


You had 5 spell levels left.
You knew the following spells:

 Your Spells              Type           Power      Damage    Failure   Level
a - Sandblast             Erth           38%        2d10      2%          1
b - Stone Arrow           Conj/Erth      22%        3d8       19%         3

Your spell library contained the following spells:

 Spells                   Type           Power      Damage    Failure   Level
 Passwall                 Tmut/Erth      10%        N/A       8%          2
 Petrify                  Tmut/Erth      13%        N/A       45%         4
 Lee's Rapid Deconstruct  Erth           9%         3d8*      58%         5


Dungeon Overview and Level Annotations

Branches:
Dungeon (3/15)

Shops:
D:2 [

Annotations:
D:3 Ijyb


Innate Abilities, Weirdness & Mutations

Your attributes grow dramatically as you level up.
You have an increased reservoir of magic. (+10% MP)
You shall have no god before yourself.


Message History

Confirm with . or Enter, or press ? or * to list all spells.
Okay, then.
Unknown command.
Unknown command.
Casting: Sandblast (safe; 2% risk of failure)
Confirm with . or Enter, or press ? or * to list all spells.
Okay, then.
Unknown command.
Unknown command.
A quokka comes into view.
You shoot a sling bullet. The sling bullet hits the quokka.
The quokka is almost dead.
You shoot a sling bullet.
The sling bullet hits the quokka but does no damage.
The quokka is almost dead.
A quokka is nearby!
You shoot a sling bullet. The sling bullet hits the quokka.
You kill the quokka!
n - 36 sling bullets (gained 1)
There is a stone staircase leading down here.
n - 37 sling bullets (gained 1)
You now have enough gold to buy a glowing robe on D:2, or buy a runed robe on D:2.
You can access your shopping list by pressing '$'.
You now have 92 gold pieces (gained 11).
k - 118 stones (gained 25) Ijyb the Twisted Goblin comes into view.
She is wielding a +0 club and carrying a wand of mindburst (11).
You shoot a sling bullet. The sling bullet hits Ijyb.
Ijyb is lightly wounded.
Ijyb zaps a wand.
Your mind is blasted!
Okay, then.
Unknown command.
Casting: Sandblast (safe; 2% risk of failure)
Confirm with . or Enter, or press ? or * to list all spells.
Okay, then.
Unknown command.
You start resting.
Ijyb is nearby!
Ijyb zaps a wand.
Your mind is blasted!
Ouch! That really hurt!
You die...

#.# #.# #(#
#.# #.# ..
##.# #.# #<
#..# #.# ###
#.## #.# ..
#.# #.# .#
#.#
##g##.######
#.#
#..@........
#.#
#..##.######
#.# #..# .#
#.# ####..#
.# #.#
#.....##.#
#.#
#.#......##
#.#
#..........#
#.#
#...##.###.#
#.####...##.#
#


You could see Ijyb.

Vanquished Creatures
  Jessica (D:2)
  An adder (D:2)
  3 worms
  2 dart slugs
  3 ball pythons (D:1)
  2 endoplasms
  A giant cockroach (D:1)
  8 goblins
  2 hobgoblins
  4 kobolds
  6 quokkas
  5 bats
  3 rats
41 creatures vanquished.

Notes
Turn   | Place    | Note
-------+----------+-------------------------------------------
     0 | D:1      | porpoise the Demigod Earth Elementalist began the quest for
                  | the Orb.
     0 | D:1      | Reached XP level 1. HP: 14/14 MP: 5/5
   536 | D:1      | Reached XP level 2. HP: 20/20 MP: 4/7
  1860 | D:2      | Reached XP level 3. HP: 26/26 MP: 6/9
  2320 | D:2      | Found Cigesu's Antique Armour Boutique.
  2528 | D:2      | Noticed Jessica
  2530 | D:2      | Killed Jessica
  2531 | D:2      | Reached XP level 4. HP: 33/33 MP: 9/11
  2559 | D:2      | Learned a level 3 spell: Stone Arrow
  2896 | D:3      | Noticed Ijyb
  2904 | D:3      | Blown up by Ijyb

Illustrated notes

Levels and vault maps discovered:
D:1:      lemuel_arrival_funnel, layout_basic,
          shapermc_ecumenical_altar_starsandcircs
D:2:      layout_rooms, serial_shops, shop, uniq_jessica
D:3:      layout_loops_ring, grunt_temple_overflow_open, uniq_ijyb

Skill      XL: |  1  2  3  4 |
---------------+-------------+-----
Spellcasting   | 2 3 |  3.0
Earth Magic    | 3 |  3.8
Dodging        | |  1.7
Stealth        | |  1.7
Transmutations | |  0.8

Action                   |  1- 3 |  4- 6 || total
-------------------------+-------+-------++-------
Melee: Unarmed           |     1 |       ||     1
       Dagger            |    47 |       ||    47
 Fire: Hunting sling     |    18 |    15 ||    33
 Cast: Sandblast         |    37 |     1 ||    38
 Stab: Sleeping          |     1 |       ||     1
Armor: Robe              |    10 |       ||    10
Dodge: Dodged            |    44 |       ||    44

Table legend: (Time is in decaauts)
 A = Elapsed time spent in this place.
 B = Non-inter-level travel time spent in this place.
 C = Inter-level travel time spent in this place.
 D = Time resting spent in this place.
 E = Time spent auto-exploring this place.
 F = Levels seen in this place.
 G = Mean time per level.
                   A        B        C        D        E       F      G
               +--------+--------+--------+--------+--------+-----+--------+
         Total |   2906 |   2871 |     35 |   1744 |    772 |   3 |  968.7 |
       Dungeon |   2906 |   2871 |     35 |   1744 |    772 |   3 |  968.7 |
               +--------+--------+--------+--------+--------+-----+--------+

Top non-repeatable levels by time:
     D:1: 1844 daAuts
     D:2: 820 daAuts
     D:3: 242 daAuts
